 Dungeon Crawl Stone Soup version 0.24.0-13-gcf9b319 (webtiles) character file.

Game seed: 12854824149199523646, levelgen mode: deterministic

9719 Chrisjfl the Carver (level 11, -2/67 HPs)
             Began as a Tengu Gladiator on Dec 20, 2019.
             Was a Believer of Sif Muna.
             Slain by a big kobold
             ... wielding the +11 whip "Uriciqi" {slash, *Rage rC+ Str+4}
              (5 damage)
             ... on level 11 of the Dungeon on Dec 21, 2019.
             The game lasted 00:50:42 (12876 turns).

Chrisjfl the Carver (Tengu Gladiator)              Turns: 12876, Time: 00:50:43

Health: -2/67      AC: 12    Str: 15    XL:     11   Next: 50%
Magic:  15/15      EV: 17    Int: 11    God:    Sif Muna [**....]
Gold:   643        SH:  0    Dex: 16    Spells: 8/13 levels left

rFire    + + .     SeeInvis .   a - +0 long sword
rCold    . . .     Gourm    .   K - +0 buckler
rNeg     + . .     Faith    .   F - +2 ring mail {rF+}
rPois    .         Spirit   .   p - +2 hat
rElec    .         Reflect  .   G - +1 cloak
rCorr    .         Harm     .   (no gloves)
MR       .....                  (boots unavailable)
Stlth    +.........             (no amulet)
HPRegen  0.21/turn              n - ring of positive energy
MPRegen  0.14/turn              x - ring of protection from fire

@: confused, flying quickly and evasively, quick
A: beak, talons 3, able to fly
a: Stop Flying, Channel Magic, Renounce Religion


You were on level 11 of the Dungeon.
You worshipped Sif Muna.
Sif Muna was pleased with you.
You were not hungry.

You visited 2 branches of the dungeon, and saw 12 of its levels.

You collected 643 gold pieces.

Inventory:

Hand Weapons
 a - a +0 long sword (weapon)
 b - a +2 hunting sling of flaming
 m - a +1 arbalest of flaming
 q - a +0 short sword of holy wrath
 A - a +4 falchion of freezing
 C - a +0 great sword of electrocution
Missiles
 d - 3 throwing nets
 e - 228 stones
 g - 98 poisoned darts (quivered)
 t - 57 sling bullets
 Q - 7 boomerangs
Armour
 p - a +2 hat (worn)
 F - a +2 ring mail of fire resistance (worn)
 G - a +1 cloak (worn)
 K - a +0 buckler (worn)
Jewellery
 n - a ring of positive energy (left hand)
 x - a ring of protection from fire (right hand)
 L - an uncursed ring of protection from fire
Wands
 N - a wand of flame (26)
 O - a wand of iceblast (6)
Scrolls
 h - 9 scrolls of teleportation
 j - 2 scrolls of enchant armour
 k - 10 scrolls of remove curse
 l - 2 scrolls of identify
 s - a scroll of fog
 u - 4 scrolls of enchant weapon
 v - a scroll of blinking
 y - 2 scrolls of magic mapping
 E - 3 scrolls of amnesia
 I - a scroll of acquirement {unknown}
Potions
 i - a potion of mutation
 w - 3 potions of brilliance
 z - a potion of resistance
 D - a potion of lignification
Comestibles
 f - 19 rations


   Skills:
 - Level 7.0 Fighting
 + Level 11.1 Long Blades
 - Level 4.2 Throwing
 - Level 4.0 Armour
 - Level 6.0 Dodging
 - Level 4.0 Stealth
 - Level 4.1 Shields
 + Level 1.6 Spellcasting
 - Level 7.0 Conjurations
 - Level 2.1 Translocations
 - Level 2.1 Ice Magic
 - Level 4.0 Invocations
 - Level 3.9 Evocations


You had 8 spell levels left.
You knew the following spells:

 Your Spells              Type           Power        Failure   Level  Hunger
a - Apportation           Tloc           #.....       24%         1    ##.....
b - Throw Icicle          Conj/Ice       ##......     65%         4    #####..

Your spell library contained the following spells:

 Spells                   Type           Power        Failure   Level  Hunger
 Throw Frost              Conj/Ice       ##....       13%         2    ###....
 Freeze                   Ice            #...         24%         1    ##.....
 Animate Skeleton         Necr           N/A          50%         1    ##.....
 Beastly Appendage        Tmut           #.....       50%         1    ##.....
 Confusing Touch          Hex            #.....       50%         1    ##.....
 Summon Butterflies       Summ           #.......     50%         1    ##.....
 Summon Small Mammal      Summ           #...         50%         1    ##.....
 Gell's Gravitas          Tloc           #.........   56%         3    ####...
 Sticks to Snakes         Tmut           #.......     65%         2    ###....
 Ozocubu's Armour         Chrm/Ice       #.......     73%         3    ####...
 Call Canine Familiar     Summ           #.......     86%         3    ####...
 Confuse                  Hex            #.......     86%         3    ####...
 Spider Form              Tmut/Pois      #.........   86%         3    ####...
 Ice Form                 Ice/Tmut       #.......     98%         4    #####..
 Summon Ice Beast         Ice/Summ       #.......     98%         4    #####..
 Petrify                  Tmut/Erth      #.......     99%         4    #####..
 Blade Hands              Tmut           #.........   100%        5    ######.
 Metabolic Englaciation   Hex/Ice        #.........   100%        5    ######.
 Summon Mana Viper        Hex/Summ       #.......     100%        5    ######.
 Yara's Violent Unravell  Hex/Tmut       #.........   100%        5    ######.
 Summon Hydra             Summ           #.........   100%        7    #######


Dungeon Overview and Level Annotations

Branches:
Dungeon (11/15)            Temple (1/1) D:5
   Lair: D:8-11         Orc: D:9-12

Altars:
Ashenzari
Cheibriados
Dithmenos
Elyvilon
Fedhas
Gozag
Hepliaklqana
Kikubaaqudgha
Makhleb
Nemelex Xobeh
Okawaru
Qazlal
Ru
Sif Muna
Trog
Uskayaw
Vehumet
Wu Jian
Xom
Yredelemnul
Zin
The Shining One

Annotations:
D:4 1 exclusion
D:11 exclusion: hydra, Snorg


Innate Abilities, Weirdness & Mutations

You have a beak for a mouth.
You have claws for feet.
You can fly continuously.


Message History

Unknown command.
Evoke which item? (* to show all) (? for menu, Esc to quit)
Aiming: Throw Flame
Press: ? - help, Shift-Dir - straight line, f/p - big kobold
Aim: a big kobold, wielding the +11 whip "Uriciqi" {slash, *Rage rC+ Str+4} and wearing a +1 crystal plate armour (severely wounded, berserk, fast, unusually strong, poisoned)
The puff of flame hits the big kobold but does no damage.
The big kobold is severely wounded.
The big kobold hits you but does no damage.
The big kobold hits you with the +11 whip "Uriciqi" {slash, *Rage rC+ Str+4}!
* * * LOW HITPOINT WARNING * * *
x2 Unknown command.
You are confused.
You feel invigorated.
The big kobold hits you but does no damage.
You hit the big kobold but do no damage.
You claw the big kobold, but do no damage.
The big kobold is almost dead.
The big kobold hits you with the +11 whip "Uriciqi" {slash, *Rage rC+ Str+4}!
* * * LOW HITPOINT WARNING * * *
You die...

####### ##≈≈≈≈≈## ##≈≈≈≈≈≈≈##
#≈≈≈≈≈≈≈≈≈# #### ##.#
#########≈##### #..# #..#
#.......#≈#...# #..# ##...
#.#####.#≈###.# #..#≈##.u#
#.#≈≈≈#.#≈≈≈#.###..#≈≈#..#
#.##≈≈#.#≈≈##..K@..#≈≈#..##
#.#≈≈≈#.#≈≈t#..)##.#≈≈#...## #
..#≈≈≈#.#####...##.#≈##....## #.
..#≈≈≈#...((.......# ##.....#
#Y#
.##≈≈≈#######..[#..####.....##Y.
.##≈≈≈≈≈≈≈SS##.##...##..>...#O#
.###≈≈≈≈≈≈≈###.####..#......Y.#
.# ##≈≈≈≈≈## #.# ##........#.#
.# ####### #(# ###.###(.##..


You could see a sea snake and a big kobold (berserk).

Vanquished Creatures
  2 hydras
  A two-headed ogre (D:9)
  An ogre mage (D:11)
  2 centaur zombies (D:10)
  A centaur skeleton (D:10)
  A gargoyle (D:10)
  2 trolls (D:10)
  A spriggan (D:7)
  A shadow (D:10)
  A yak (D:11)
  A vampire mosquito (D:10)
  2 hungry ghosts
  A soldier ant (D:10)
  A water moccasin (D:10)
  Duvessa (D:5)
  4 orc warriors
  A sky beast (D:9)
  2 ice beasts
  A hornet zombie (D:10)
  A phantom (D:10)
  3 ogres
  5 centaurs
  2 big kobolds
  7 bullfrogs
  Dowan (D:5)
  A water moccasin zombie (D:5)
  A water moccasin skeleton (D:10)
  6 scorpions
  A wyvern skeleton (D:7)
  5 wights (D:8)
  7 electric eels
  4 howler monkeys
  2 bullfrog zombies
  3 crimson imps
  2 jellies
  6 hounds
  2 orc priests
  2 bullfrog skeletons
  Natasha (thrice) (D:3)
  13 orc wizards
  5 worker ants
  A killer bee zombie (D:8)
  A hound skeleton (D:9)
  A killer bee simulacrum (D:10)
  A worker ant zombie (D:7)
  11 adders
  A shadow imp (D:11)
  An ooze (D:3)
  An adder zombie (D:8)
  An adder skeleton (D:8)
  2 worms (D:3)
  4 dart slugs
  7 leopard geckos
  29 orcs
  2 ball pythons
  7 giant cockroaches
  8 goblins
  7 hobgoblins
  7 jackals
  16 kobolds
  4 quokkas
  7 bats
  3 frilled lizards
  A giant cockroach zombie (D:5)
  2 leopard gecko skeletons
  10 rats
244 creatures vanquished.

Vanquished Creatures (collateral kills)
  3 yaks (D:11)
  An adder (D:9)
4 creatures vanquished.

Vanquished Creatures (others)
  A yak (D:11)
  2 plants (D:10)
3 creatures vanquished.

Grand Total: 251 creatures vanquished

Notes
Turn   | Place    | Note
-------+----------+-------------------------------------------
     0 | D:1      | Chrisjfl the Tengu Gladiator began the quest for the Orb.
     0 | D:1      | Reached XP level 1. HP: 12/12 MP: 2/2
   148 | D:1      | Reached XP level 2. HP: 17/17 MP: 3/3
   194 | D:1      | Reached skill level 4 in Long Blades
   614 | D:1      | Reached XP level 3. HP: 21/21 MP: 4/4
   773 | D:2      | Found a shimmering altar of Xom.
   856 | D:2      | Reached skill level 5 in Long Blades
   993 | D:2      | Reached XP level 4. HP: 22/26 MP: 5/5
  1279 | D:2      | Reached skill level 6 in Long Blades
  1391 | D:2      | Found a snail-covered altar of Cheibriados.
  1441 | D:3      | Gained mutation: You can fly continuously. [Tengu growth]
  1441 | D:3      | Reached XP level 5. HP: 30/30 MP: 6/6
  1520 | D:3      | Noticed Natasha
  1559 | D:3      | Killed Natasha
  1650 | D:3      | Noticed Natasha
  1663 | D:3      | Killed Natasha
  1769 | D:3      | Noticed Natasha
  1769 | D:3      | Reached skill level 7 in Long Blades
  1779 | D:3      | Killed Natasha
  1779 | D:3      | Reached XP level 6. HP: 30/35 MP: 7/7
  2637 | D:4      | Found a sacrificial altar of Ru.
  2708 | D:4      | Noticed a moth of wrath
  2710 | D:4      | Found a bloodstained altar of Trog.
  3087 | D:5      | Entered Level 5 of the Dungeon
  3090 | D:5      | Found an opulent altar of Gozag.
  3113 | D:5      | Reached skill level 8 in Long Blades
  3169 | D:5      | Noticed Dowan
  3190 | D:5      | Noticed Duvessa
  3205 | D:5      | Killed Duvessa
  3205 | D:5      | Reached XP level 7. HP: 21/40 MP: 8/8
  3390 | D:5      | Killed Dowan
  3539 | D:5      | Reached skill level 5 in Dodging
  3548 | D:5      | Reached XP level 8. HP: 24/44 MP: 9/9
  3650 | D:5      | Found an ornate altar of the Wu Jian Council.
  3650 | D:5      | Found a stormy altar of Qazlal.
  3650 | D:5      | Found a hide-covered altar of Uskayaw.
  3667 | D:5      | Found a staircase to the Ecumenical Temple.
  3731 | Temple   | Entered the Ecumenical Temple
  3819 | Temple   | Became a worshipper of Sif Muna the Loreminder
  3968 | D:5      | Reached skill level 1 in Armour
  4034 | D:5      | Reached skill level 1 in Invocations
  4195 | D:6      | Found a shimmering altar of Xom.
  4382 | D:6      | Found Huwisy's Distillery.
  5159 | D:7      | Reached XP level 9. HP: 40/48 MP: 12/12
  5544 | D:7      | Reached skill level 9 in Long Blades
  5950 | D:7      | Found a hazy altar of Hepliaklqana.
  6019 | D:7      | Reached skill level 10 in Long Blades
  6637 | D:7      | Reached skill level 1 in Stealth
  7240 | D:8      | Reached * piety under Sif Muna
  7929 | D:9      | Found a sacrificial altar of Ru.
  7929 | D:9      | Noticed a troll
  8231 | D:9      | Noticed a two-headed ogre
  8276 | D:9      | Killed a two-headed ogre
  8276 | D:9      | Reached XP level 10. HP: 61/61 MP: 14/14
  8426 | D:9      | Found a basalt altar of Yredelemnul.
  8547 | D:9      | Reached skill level 1 in Shields
  8644 | D:9      | Learned a level 1 spell: Apportation
  8649 | D:9      | Learned a level 4 spell: Throw Icicle
  8659 | D:9      | Found a sparkling altar of Nemelex Xobeh.
  8704 | D:9      | Found a shattered altar of Ashenzari.
  8794 | D:9      | Found a radiant altar of Vehumet.
  8803 | D:9      | Reached skill level 1 in Evocations
  8975 | D:10     | Entered Level 10 of the Dungeon
  9545 | D:10     | Reached ** piety under Sif Muna
  9674 | D:10     | Noticed a gargoyle
  9720 | D:10     | Killed a gargoyle
 10666 | D:10     | Reached skill level 1 in Conjurations
 10752 | D:10     | Reached skill level 1 in Translocations
 10789 | D:10     | Reached XP level 11. HP: 40/67 MP: 15/15
 11406 | D:11     | Noticed a four-headed hydra
 11411 | D:11     | Killed a four-headed hydra
 11431 | D:11     | Noticed a sea snake
 11431 | D:11     | Noticed a sea snake
 11819 | D:11     | Noticed a purple ugly thing
 11882 | D:11     | Noticed Snorg
 11882 | D:11     | Noticed a cyclops
 11941 | D:11     | Noticed a centaur warrior
 11942 | D:11     | Identified the +11 whip "Uriciqi" {slash, *Rage rC+ Str+4}
 12338 | D:11     | Noticed a five-headed hydra
 12364 | D:10     | Killed a five-headed hydra
 12364 | D:10     | Reached skill level 1 in Ice Magic
 12651 | D:11     | Noticed an eight-headed hydra
 12789 | D:11     | Noticed a cyan ugly thing
 12792 | D:11     | Noticed an ogre mage
 12836 | D:11     | Reached skill level 11 in Long Blades
 12842 | D:11     | Reached skill level 1 in Spellcasting
 12856 | D:11     | Killed an ogre mage
 12876 | D:11     | HP: 3/67 [big kobold/the +11 whip "Uriciqi" {slash, *Rage
                  | rC+ Str+4} (15)]
 12876 | D:11     | Slain by a big kobold

Levels and vault maps discovered:
D:1:      minmay_arrival_nine_rooms, layout_basic
D:2:      minmay_angry_zag, layout_rooms, old_standard_altar,
          kennysheep_slug_shrine
D:3:      layout_loops_ring, minmay_quadrilaterals, uniq_natasha
D:4:      layout_loops_corners, tgw_trog, first_ration, palyth_stone_intersect,
          nicolae_ru_awakened_eye
D:5:      layout_loops_ring, grunt_temple_overflow_open,
          minmay_temple_entry_statues_pillars, uniq_duvessa
D:6:      layout_loops_corners, serial_shops, nicolae_shop_behind_doors,
          xom_teletrap_fun
D:7:      layout_basic, lemuel_doored_altar, nicolae_lava_and_water, the_bakery
D:8:      layout_loops_corners, kennysheep_cross_room
D:9:      layout_long_grid, ashenzari_conservatory_becter,
          nemelex_xobeh_ov_fountains_minmay, lemuel_round_altar,
          overflow_temple_1_default, kennysheep_mini, minmay_misc_feat_chi
D:10:     layout_small_grid, serial_bayou, serial_bayou_ford_a,
          serial_bayou_pond_a, serial_bayou_lagoon_b, serial_bayou_shore_a,
          hangedman_weighted_door
D:11:     minmay_the_grid_octo_tiled_octocenter [minmay_the_grid_octo_teeth,
          minmay_the_grid_octo_pinwheel, minmay_the_grid_octo_focus,
          minmay_the_grid_octo_fat_diamond, minmay_the_grid_octo_prize_star,
          minmay_the_grid_square_5x5_forky,
          minmay_the_grid_square_5x5_spiral_small, minmay_the_grid_square_5x5_n,
          minmay_the_grid_square_5x5_z], layout_rooms, david_lair_shrubbed,
          serial_aquarium, aquarium_bridge_straight [aquarium_subvault_bridge,
          aquarium_subvault_window, aquarium_subvault_bridge,
          aquarium_subvault_window], aquarium_bridge_long_joined
          [aquarium_subvault_balcony, aquarium_subvault_wall,
          aquarium_subvault_bridge, aquarium_subvault_bridge,
          aquarium_subvault_wall, aquarium_subvault_wall], aquarium_window_2,
          aquarium_window_1, aquarium_window_1, aquarium_view_2f, uniq_snorg
Temple:   dpeg_three_leaves_temple

Skill      XL: |  1  2  3  4  5  6  7  8  9 10 11 |
---------------+----------------------------------+-----
Long Blades    | 4 5 6 7 8 10 11 | 11.1
Dodging        | 4 5 6 |  6.0
Throwing       | 4 |  4.2
Armour         | 4 |  4.0
Invocations    | 3 4 |  4.0
Stealth        | 4 |  4.0
Fighting       | 6 7 |  7.0
Shields        | 4 |  4.1
Evocations     | 3 |  3.9
Conjurations   | 2 7 |  7.0
Translocations | 1 2 |  2.1
Ice Magic      | 2 |  2.1
Spellcasting   | 1 |  1.6

Action                   |  1- 3 |  4- 6 |  7- 9 | 10-12 || total
-------------------------+-------+-------+-------+-------++-------
Melee: Long sword        |    67 |   122 |   258 |   244 ||   691
       Kick              |    18 |    43 |    69 |    85 ||   215
       Peck              |     8 |    34 |    55 |    61 ||   158
 Fire: Hunting sling     |       |       |    27 |    20 ||    47
Throw: Stone             |       |     4 |       |       ||     4
       Dart              |       |    18 |    86 |    92 ||   196
 Abil: Fly               |       |     1 |       |       ||     1
Evoke: Wand              |       |       |     2 |    18 ||    20
  Use: Scroll            |       |     7 |     3 |     7 ||    17
       Potion            |       |     2 |     6 |     6 ||    14
 Stab: Sleeping          |       |     2 |     1 |     1 ||     4
  Eat: Chunk             |       |     4 |     9 |    11 ||    24
       Ration            |       |     1 |     2 |     2 ||     5
Armor: Leather armour    |    22 |    23 |    14 |       ||    59
       Ring mail         |       |       |    18 |    57 ||    75
       Skin              |       |       |    15 |    11 ||    26
Dodge: Dodged            |    71 |    63 |   150 |   139 ||   423
Block: Buckler           |       |       |       |    35 ||    35
       Rpst.: Long sword |    23 |    26 |    45 |    31 ||   125
